cohdb
Replays
Latest Replays
All Replays
Popular Replays
Top Player Replays
Match Explorer
How It Works
Community
CoH3 Stats
Reddit
Sign in to upload your games and track your stats! →
Sign in with Steam
Match 45705966
Unlisted
Match 45705966
Overview
Messages
Build Orders
End
Construct Barracks
1⁄4-ton 4x4 Truck
Riflemen Squad
Riflemen Squad
Construct Weapon Support Center
Bazooka Squad
Construct Medical Station
Infantry Support Center
Selects Heavy Weapons
Selects Assault Carriers
M3 Assault Carrier
Selects Exchangeable Parts
Riflemen Squad
Engineer Squad
.30 cal Machine Gun
Construct Tank Depot
B Ranked Aura Farmer
我不會說中文
~TAB~ THUND3RCHUNKY
Dima
0
0
Comments
sign in to comment!
No comments posted yet!